cohdb
Replays
Latest Replays
All Replays
Popular Replays
Top Player Replays
Match Explorer
How It Works
Community
CoH3 Stats
Reddit
Sign in to upload your games and track your stats! →
Sign in with Steam
Match 38268532
Unlisted
Match 38268532
Overview
Messages
Build Orders
End
Engineer Squad
Engineer Squad
Selects Armored Battlegroup
Selects Assault Engineers
Construct Weapon Support Center
M1919 Machine Gun Team
M1919 Machine Gun Team
Air Support Center
M3 Armored Personnel Carrier
M3 Armored Personnel Carrier
Construct Medical Station
M3 Armored Personnel Carrier
Leo invictum
Martinez
BIOHAZARD
lumezzz1919
0
0
Comments
sign in to comment!
No comments posted yet!